TOP OF THE 1ST |
Maui Tropics batting - Pitching for So Cal Bruins : RHP Orlando Trinidad
|
Pitching: RHP Orlando Trinidad
|
|
Batting: RHB Roberto Gómez
|
0-0: Ball 1-0: Foul Ball, location: 2F 1-1: Called Strike 1-2: Ball 2-2: Foul Ball, location: 2F 2-2: Foul Ball, location: 2F 2-2: Foul Ball, location: 2F 2-2: Ball 3-2: SINGLE (Groundball, 56D)
|
Batting: LHB Ernesto López
|
0-0: Ball 1-0: Ball 2-0: Called Strike 2-1: Ball 3-1: Foul Ball, location: 2F 3-2: Base on Balls Roberto Gómez to second
|
Batting: RHB Jesús Espinoza
|
0-0: Called Strike 0-1: SINGLE (Groundball, 6MD) Roberto Gómez to third Ernesto López to second Runner from 3rd tries for Home, SAFE, no throw
|
Batting: RHB Luis Alou
|
0-0: Called Strike 0-1: Ball 1-1: Foul Ball, location: 2F 1-2: Ball 2-2: Ball 3-2: Base on Balls Ernesto López to third Jesús Espinoza to second
|
Batting: LHB Luis Antonio Torres
|
0-0: Ball 1-0: Ball 2-0: SINGLE (Groundball, 56D) Ernesto López scores Jesús Espinoza to third Luis Alou to second
|
Batting: RHB José Rodríguez
|
0-0: Ball 1-0: Ball 2-0: Called Strike 2-1: Fly out, F6 (Line Drive, 6M)
|
Batting: RHB Michael Woodruff
|
0-0: Called Strike 0-1: GRAND SLAM HOME RUN (Flyball, 7D), Distance : 353 ft
|
Batting: RHB Matt Silver
|
0-0: Ball 1-0: Ball 2-0: Ball 3-0: Called Strike 3-1: Base on Balls
|
Batting: RHB John Brown
|
0-0: Ball 1-0: Ball 2-0: Ball 3-0: Called Strike 3-1: Foul Ball, location: 2F 3-2: Strikes out swinging Matt Silver is caught stealing 2nd base Batter strikes out.
|
Top of the 1st over - 6 runs, 4 hits, 0 errors, 0 left on base; Maui 6 - So Cal 0 |
BOTTOM OF THE 1ST |
So Cal Bruins batting - Pitching for Maui Tropics : RHP Júlio González
|
Pitching: RHP Júlio González
|
|
Batting: RHB Dani Vázquez
|
0-0: Called Strike 0-1: Ground out 5-3 (Groundball, 5L)
|
Batting: LHB Jesús Campos
|
0-0: Ball 1-0: Called Strike 1-1: SINGLE (Groundball, 6D)
|
Batting: LHB José Antonio Santiago
|
0-0: Ball 1-0: Called Strike 1-1: Ball 2-1: Fly out, F4 (Flyball, 34D)
|
Batting: RHB Earl Wiggins
|
0-0: Ball 1-0: Called Strike 1-1: 2-RUN HOME RUN (Flyball, 7LD), Distance : 356 ft
|
Batting: SHB Martín De Jesús
|
0-0: Ground out 6-3 (Groundball, 6)
|
Bottom of the 1st over - 2 runs, 2 hits, 0 errors, 0 left on base; Maui 6 - So Cal 2 |
TOP OF THE 2ND |
Maui Tropics batting - Pitching for So Cal Bruins : RHP Orlando Trinidad
|
Batting: RHB Roberto Gómez
|
0-0: Foul Ball, location: 2F 0-1: Foul Ball, location: 2F 0-2: Ground out 1-3 (Groundball, 13)
|
Batting: LHB Ernesto López
|
0-0: Called Strike 0-1: Ball 1-1: Ball 2-1: Ball 3-1: Base on Balls
|
Batting: RHB Jesús Espinoza
|
0-0: Called Strike 0-1: 2-RUN HOME RUN (Flyball, 7LD), Distance : 342 ft
|
Batting: RHB Luis Alou
|
0-0: Swinging Strike 0-1: Swinging Strike 0-2: Ball 1-2: SOLO HOME RUN (Flyball, 89XD), Distance : 393 ft
|
Batting: LHB Luis Antonio Torres
|
0-0: Ball 1-0: Ball 2-0: Fly out, F5 (Popup, 5SF)
|
Batting: RHB José Rodríguez
|
0-0: Ball 1-0: Swinging Strike 1-1: Foul Ball, location: 2F 1-2: Strikes out swinging
|
Top of the 2nd over - 3 runs, 2 hits, 0 errors, 0 left on base; Maui 9 - So Cal 2 |
BOTTOM OF THE 2ND |
So Cal Bruins batting - Pitching for Maui Tropics : RHP Júlio González
|
Batting: LHB Bob Ware
|
0-0: Ball 1-0: Ball 2-0: Called Strike 2-1: Ground out 1-3 (Groundball, 15S)
|
Batting: LHB Brent Alonzo
|
0-0: Ball 1-0: Foul Ball, location: 2F 1-1: Ball 2-1: Ball 3-1: Ground out 6-3 (Groundball, 6)
|
Batting: LHB Edward Rose
|
0-0: Ball 1-0: Ball 2-0: Called Strike 2-1: Fly out, F9 (Flyball, 9S)
|
Bottom of the 2nd over - 0 runs, 0 hits, 0 errors, 0 left on base; Maui 9 - So Cal 2 |
TOP OF THE 3RD |
Maui Tropics batting - Pitching for So Cal Bruins : RHP Orlando Trinidad
|
Batting: RHB Michael Woodruff
|
0-0: Called Strike 0-1: Ball 1-1: Called Strike 1-2: Ball 2-2: Strikes out swinging
|
Batting: RHB Matt Silver
|
0-0: Called Strike 0-1: Ball 1-1: Called Strike 1-2: Strikes out looking
|
Batting: RHB John Brown
|
0-0: Foul Ball, location: 2F 0-1: Foul Ball, location: 2F 0-2: Strikes out swinging
|
Top of the 3rd over - 0 runs, 0 hits, 0 errors, 0 left on base; Maui 9 - So Cal 2 |
BOTTOM OF THE 3RD |
So Cal Bruins batting - Pitching for Maui Tropics : RHP Júlio González
|
Batting: LHB Alberto Varela
|
0-0: Ball 1-0: Called Strike 1-1: Ball 2-1: Ball 3-1: Base on Balls
|
Batting: RHB Dani Vázquez
|
0-0: Foul Ball, location: 2F 0-1: Grounds into double play, 4-6-3 (Groundball, 34)
|
Batting: LHB Jesús Campos
|
0-0: Called Strike 0-1: Ball 1-1: Fly out, F8 (Flyball, 8LM)
|
Bottom of the 3rd over - 0 runs, 0 hits, 0 errors, 0 left on base; Maui 9 - So Cal 2 |
TOP OF THE 4TH |
Maui Tropics batting - Pitching for So Cal Bruins : RHP Orlando Trinidad
|
Batting: RHB Roberto Gómez
|
0-0: Called Strike 0-1: DOUBLE (Line Drive, 3D)
|
Batting: LHB Ernesto López
|
0-0: Ball 1-0: Foul Ball, location: 2F 1-1: Swinging Strike 1-2: Strikes out looking
|
Batting: RHB Jesús Espinoza
|
0-0: Called Strike 0-1: Foul Ball, location: 2F 0-2: Ball 1-2: Ball 2-2: Strikes out looking
|
Batting: RHB Luis Alou
|
0-0: Foul Ball, location: 2F 0-1: Ball 1-1: Swinging Strike 1-2: Foul Ball, location: 2F 1-2: Ball 2-2: Strikes out swinging
|
Top of the 4th over - 0 runs, 1 hit, 0 errors, 1 left on base; Maui 9 - So Cal 2 |
BOTTOM OF THE 4TH |
So Cal Bruins batting - Pitching for Maui Tropics : RHP Júlio González
|
Batting: LHB José Antonio Santiago
|
0-0: Ball 1-0: Swinging Strike 1-1: Foul Ball, location: 2F 1-2: Foul Ball, location: 2F 1-2: Ball 2-2: Ball 3-2: Strikes out swinging
|
Batting: RHB Earl Wiggins
|
0-0: Ball 1-0: Ball 2-0: Ball 3-0: Base on Balls
|
Batting: SHB Martín De Jesús
|
0-0: Ball 1-0: Foul Ball, location: 2F 1-1: Swinging Strike 1-2: Ball 2-2: Strikes out swinging
|
Batting: LHB Bob Ware
|
0-0: Called Strike 0-1: Foul Ball, location: 2F 0-2: Ball 1-2: Foul Ball, location: 2F 1-2: Fly out, F2 (Popup, 13S)
|
Bottom of the 4th over - 0 runs, 0 hits, 0 errors, 1 left on base; Maui 9 - So Cal 2 |
TOP OF THE 5TH |
Maui Tropics batting - Pitching for So Cal Bruins : RHP Orlando Trinidad
|
Batting: LHB Luis Antonio Torres
|
0-0: Ball 1-0: SOLO HOME RUN (Flyball, 9LD), Distance : 356 ft
|
Batting: RHB José Rodríguez
|
0-0: Ball 1-0: Foul Ball, location: 2F 1-1: Ball 2-1: Swinging Strike 2-2: Strikes out looking
|
Batting: RHB Michael Woodruff
|
0-0: Ball 1-0: Ball 2-0: Ball 3-0: Base on Balls
|
Batting: RHB Matt Silver
|
0-0: Grounds into double play, 6-4-3 (Groundball, 6)
|
Top of the 5th over - 1 run, 1 hit, 0 errors, 0 left on base; Maui 10 - So Cal 2 |
BOTTOM OF THE 5TH |
So Cal Bruins batting - Pitching for Maui Tropics : RHP Júlio González
|
Batting: LHB Brent Alonzo
|
0-0: Ground out 6-3 (Groundball, 6MD)
|
Batting: LHB Edward Rose
|
0-0: Swinging Strike 0-1: SINGLE (Flyball, 7LS)
|
Batting: LHB Alberto Varela
|
0-0: Ball 1-0: Called Strike 1-1: Swinging Strike 1-2: Foul Ball, location: 2F 1-2: Foul Ball, location: 2F 1-2: Strikes out swinging
|
Batting: RHB Dani Vázquez
|
0-0: Fielders Choice at 2nd, 6-4 (Groundball, 6)
|
Bottom of the 5th over - 0 runs, 1 hit, 0 errors, 1 left on base; Maui 10 - So Cal 2 |
TOP OF THE 6TH |
Maui Tropics batting - Pitching for So Cal Bruins : RHP Orlando Trinidad
|
Batting: RHB John Brown
|
0-0: Ball 1-0: Called Strike 1-1: Foul Ball, location: 2F 1-2: Strikes out swinging
|
Batting: RHB Roberto Gómez
|
0-0: Ball 1-0: Ball 2-0: Foul Ball, location: 2F 2-1: Ball 3-1: Base on Balls
|
Pitching: RHP Flint Gray
|
|
Batting: LHB Ernesto López
|
0-0: Ball 1-0: Ball 2-0: Called Strike 2-1: Foul Ball, location: 2F 2-2: Fly out, F9 (Flyball, 9D)
|
Batting: RHB Jesús Espinoza
|
0-0: Ball 1-0: Called Strike 1-1: Called Strike 1-2: Ball 2-2: Fly out, F8 (Flyball, 8LS)
|
Top of the 6th over - 0 runs, 0 hits, 0 errors, 1 left on base; Maui 10 - So Cal 2 |
BOTTOM OF THE 6TH |
So Cal Bruins batting - Pitching for Maui Tropics : RHP Júlio González
|
Batting: LHB Jesús Campos
|
0-0: Ball 1-0: Ball 2-0: SINGLE (Groundball, 4MD)
|
Batting: LHB José Antonio Santiago
|
0-0: Ball 1-0: Foul Ball, location: 2F 1-1: Ball 2-1: SINGLE (Groundball, 4MD) Jesús Campos to second Runner from 2nd tries for 3rd, SAFE, no throw
|
Batting: RHB Earl Wiggins
|
0-0: Ball 1-0: Ball 2-0: Ball 3-0: Fly out, F7 (Flyball, 78S)
|
Batting: SHB Martín De Jesús
|
0-0: Ball 1-0: Called Strike José Antonio Santiago steals 2nd base 1-1: Ball 2-1: Ground out 4-3 (Groundball, 34D) Jesús Campos scores José Antonio Santiago to third
|
Batting: LHB Bob Ware
|
0-0: DOUBLE (Line Drive, 9LM) José Antonio Santiago scores
|
Batting: LHB Brent Alonzo
|
0-0: Ball 1-0: Ball 2-0: Fly out, F6 (Popup, 6)
|
Bottom of the 6th over - 2 runs, 3 hits, 0 errors, 1 left on base; Maui 10 - So Cal 4 |
TOP OF THE 7TH |
Maui Tropics batting - Pitching for So Cal Bruins : RHP Flint Gray
|
Batting: RHB Luis Alou
|
0-0: Called Strike 0-1: Ball 1-1: Fly out, F7 (Flyball, 7LD)
|
Batting: LHB Luis Antonio Torres
|
0-0: Ball 1-0: Fly out, F9 (Flyball, 9D)
|
Batting: RHB José Rodríguez
|
0-0: Ball 1-0: Foul Ball, location: 2F 1-1: Ball 2-1: SINGLE (Groundball, 56D)
|
Batting: RHB Michael Woodruff
|
0-0: Ball 1-0: Called Strike 1-1: Called Strike 1-2: Ground out 3-1 (Groundball, 34S)
|
Top of the 7th over - 0 runs, 1 hit, 0 errors, 1 left on base; Maui 10 - So Cal 4 |
BOTTOM OF THE 7TH |
So Cal Bruins batting - Pitching for Maui Tropics : RHP Júlio González
|
Batting: LHB Edward Rose
|
0-0: Foul Ball, location: 2F 0-1: Ball 1-1: Called Strike 1-2: SINGLE (Groundball, 3D)
|
Batting: LHB Alberto Varela
|
0-0: Grounds into double play, 4-6-3 (Groundball, 4)
|
Batting: RHB Dani Vázquez
|
0-0: Ball 1-0: Foul Ball, location: 2F 1-1: Ball 2-1: Fly out, F4 (Flyball, 4D)
|
Bottom of the 7th over - 0 runs, 1 hit, 0 errors, 0 left on base; Maui 10 - So Cal 4 |
TOP OF THE 8TH |
Maui Tropics batting - Pitching for So Cal Bruins : RHP Flint Gray
|
Batting: RHB Matt Silver
|
0-0: Foul Ball, location: 2F 0-1: Ball 1-1: Ball 2-1: Ball 3-1: Foul Ball, location: 2F 3-2: Base on Balls
|
Batting: RHB John Brown
|
0-0: Swinging Strike 0-1: Ball 1-1: Called Strike 1-2: Fly out, F8 (Flyball, 78D)
|
Batting: RHB Roberto Gómez
|
0-0: Called Strike 0-1: Called Strike 0-2: Ball 1-2: Ball 2-2: Ground out U3 (Groundball, 34) Matt Silver to second
|
Batting: LHB Ernesto López
|
0-0: Ball 1-0: Called Strike 1-1: Foul Ball, location: 2F 1-2: Foul Ball, location: 2F 1-2: Ball 2-2: Ball 3-2: SINGLE (Flyball, 7S) Matt Silver to third Matt Silver scores
|
Batting: RHB Jesús Espinoza
|
0-0: Ball 1-0: SINGLE (Line Drive, 6MD) Ernesto López to second
|
Batting: RHB Luis Alou
|
0-0: Ball 1-0: Ball 2-0: Ground out 5-3 (Groundball, 56S)
|
Top of the 8th over - 1 run, 2 hits, 0 errors, 2 left on base; Maui 11 - So Cal 4 |
BOTTOM OF THE 8TH |
So Cal Bruins batting - Pitching for Maui Tropics : RHP Júlio González
|
Batting: LHB Jesús Campos
|
0-0: Ball 1-0: Fly out, F8 (Line Drive, 8RD)
|
Batting: LHB José Antonio Santiago
|
0-0: Ground out 3-1 (Groundball, 34)
|
Batting: RHB Earl Wiggins
|
0-0: SINGLE (Groundball, 34D)
|
Batting: SHB Martín De Jesús
|
0-0: Ball 1-0: Ball 2-0: Called Strike 2-1: SINGLE (Groundball, 6D) Earl Wiggins to second
|
Batting: LHB Bob Ware
|
0-0: Ball 1-0: Ground out 1-3 (Groundball, 15)
|
Bottom of the 8th over - 0 runs, 2 hits, 0 errors, 2 left on base; Maui 11 - So Cal 4 |
TOP OF THE 9TH |
Maui Tropics batting - Pitching for So Cal Bruins : RHP Flint Gray
|
Pitching: RHP César Menéndez
|
|
Batting: LHB Luis Antonio Torres
|
0-0: Ground out 5-3 (Groundball, 25)
|
Batting: RHB José Rodríguez
|
0-0: Foul Ball, location: 2F 0-1: Swinging Strike 0-2: Ball 1-2: Strikes out swinging
|
Batting: RHB Michael Woodruff
|
0-0: Ball 1-0: Ball 2-0: Called Strike 2-1: Ball 3-1: Reached on error, E7 (Flyball, 7S)
|
Batting: RHB Matt Silver
|
0-0: Ball 1-0: Ball 2-0: Swinging Strike 2-1: Swinging Strike 2-2: SINGLE (Flyball, 7LS) Michael Woodruff to third
|
Batting: RHB John Brown
|
0-0: Ball 1-0: Foul Ball, location: 2F 1-1: Ball 2-1: Called Strike 2-2: Foul Ball, location: 2F 2-2: Strikes out swinging
|
Top of the 9th over - 0 runs, 1 hit, 1 error, 2 left on base; Maui 11 - So Cal 4 |
BOTTOM OF THE 9TH |
So Cal Bruins batting - Pitching for Maui Tropics : RHP Júlio González
|
Batting: LHB Brent Alonzo
|
0-0: SINGLE (Groundball, 56D)
|
Batting: LHB Edward Rose
|
0-0: Ball 1-0: Ball 2-0: Ball 3-0: Base on Balls Brent Alonzo to second
|
Batting: LHB Alberto Varela
|
0-0: Ground out 4-3 (Groundball, 4S) Brent Alonzo to third Edward Rose to second
|
Pitching: LHP Scott McCullough
|
|
Batting: RHB Dani Vázquez
|
0-0: Ball 1-0: Swinging Strike 1-1: Foul Ball, location: 2F 1-2: Ball 2-2: Ball 3-2: SINGLE (Flyball, 9LS) Brent Alonzo scores Edward Rose to third
|
Batting: LHB Jesús Campos
|
0-0: Foul Ball, location: 2F 0-1: Ball 1-1: Ball 2-1: Foul Ball, location: 2F 2-2: Foul Ball, location: 2F 2-2: Ball 3-2: Foul Ball, location: 2F 3-2: Foul Ball, location: 2F 3-2: Foul Ball, location: 2F 3-2: Ground out 4-3 (Groundball, 34) Edward Rose scores Dani Vázquez to second
|
Batting: LHB José Antonio Santiago
|
0-0: Foul Ball, location: 2F 0-1: Ball 1-1: Swinging Strike 1-2: Strikes out swinging
|
Bottom of the 9th over - 2 runs, 2 hits, 0 errors, 1 left on base; Maui 11 - So Cal 6 |
|